 Dungeon Crawl Stone Soup version 0.27.0-1-g7a089689b8 (webtiles) character file.

Game seed: 17202322849088567588

390 sanka the Skirmisher (level 6, 0/56 HPs)
             Began as a Draconian Arcane Marksman on Aug 7, 2021.
             Was a Priest of Elyvilon.
             Slain by a goblin (4 damage)
             ... led by Robin
             ... on level 4 of the Dungeon.
             The game lasted 00:04:59 (3413 turns).

sanka the Skirmisher (Draconian Arcane Marksman)    Turns: 3413, Time: 00:05:02

Health: 0/56       AC:  7    Str: 19    XL:     6   Next: 50%
Magic:  7/7        EV: 12    Int: 19    God:    Elyvilon [***...]
Gold:   167        SH:  0    Dex: 13    Spells: 6/7 levels left

rFire    + . .     SeeInvis .   a - +0 hand crossbow
rCold    + . .     Faith    .   (no shield)
rNeg     . . .     Spirit   .   (armour unavailable)
rPois    +         Reflect  .   (helmet restricted)
rElec    +         Harm     .   h - scarf {+Inv}
rCorr    +         Rampage  .   i - +0 pair of gloves
Will     .....                  (no boots)
Stlth    +.........             (no amulet)
HPRegen  0.18/turn              n - +6 ring of intelligence
MPRegen  0.10/turn              f - +6 ring of strength

@: resistant
A: AC +6, unfitting armour, cold-blooded
a: Renounce Religion, Evoke Invisibility, Lesser Healing, Heal Other,
Purification, Divine Protection


You were on level 4 of the Dungeon.
You worshipped Elyvilon.
Elyvilon was most pleased with you.
You visited 1 branch of the dungeon, and saw 4 of its levels.

You collected 167 gold pieces.


Innate Abilities, Weirdness & Mutations

Your plain brown scales are hard. (AC +6)
You cannot fit into any form of body armour.
You are cold-blooded and may be slowed by cold attacks.


   Skills:
 + Level 5.2 Fighting
 - Level 1.7 Crossbows
 - Level 1.7 Dodging
 + Level 4.5 Unarmed Combat
 - Level 1.0 Spellcasting
 - Level 2.6 Hexes


You had 6 spell levels left.
You knew the following spells:

 Your Spells              Type           Power      Damage    Failure   Level
Z - Corona                Hex            12%        N/A       6%          1

Your spell library contained the following spells:

 Spells                   Type           Power      Damage    Failure   Level
 Slow                     Hex            11%        N/A       10%         2
 Summon Small Mammal      Summ           0%         N/A       19%         1
 Passwall                 Tmut/Erth      0%         N/A       28%         2
 Inner Flame              Hex/Fire       6%         N/A       32%         3
 Portal Projectile        Hex/Tloc       12%        N/A       32%         3
 Summon Guardian Golem    Hex/Summ       6%         N/A       32%         3
 Call Canine Familiar     Summ           0%         N/A       50%         3
 Swiftness                Air            0%         N/A       50%         3
 Cause Fear               Hex            5%         N/A       52%         4
 Invisibility             Hex            5%         N/A       100%        6

Inventory:

Hand Weapons
 a - a +0 hand crossbow (weapon)
Missiles
 c - 45 bolts (quivered ammo)
Armour
 h - a scarf of invisibility (worn)
 i - a +0 pair of gloves (worn)
Magical Staves
 g - a staff of cold
Jewellery
 f - a +6 ring of strength (right hand)
 n - a +6 ring of intelligence (left hand)
Scrolls
 b - 6 scrolls of identify {unknown}
 d - a scroll of blinking {unknown}
 e - a scroll of enchant weapon {unknown}
 k - a scroll of silence {unknown}
 o - a scroll of magic mapping {unknown}
Potions
 j - a potion of magic
 m - a potion of resistance

Dungeon Overview and Level Annotations

Branches:
Dungeon (4/15)
 Temple: D:4-7

Altars:
Elyvilon

Annotations:
D:3 3 runed translucent doors, sanka's ghost, amateur DjFi
D:4 Robin

▒. ▒.▒ ▒.▒ ▒.▒ ▒.▒ .(. ▒.▒
..(
...▒▒▒▒.▒▒▒▒▒▒▒▒▒▒▒▒▒▒▒▒▒▒▒▒▒
...
.........g.gdg.........†)....
▒Z.
..▒▒▒▒.▒.▒▒▒▒▒▒▒▒▒▒▒▒▒▒▒▒▒▒▒
▒.g ▒.▒.▒ ... ▒g▒.▒ ▒▒
▒..▒▒▒▒▒▒▒▒g▒.▒ ▒.
▒....(g)g...▒.▒ ▒▒▒.
▒.▒.▒▒▒▒▒▒▒▒▒.▒ ▒... .....
g.. ▒.▒▒ ▒.▒▒.▒ ▒.▒.


You could see Robin (fast) and 2 goblins.


Message History

You feel sick.
You feel sick.
You feel sick.
You feel sick.
You are no longer poisoned.
The goblin no longer looks unusually strong.
A goblin comes into view. It is wielding a +0 dagger.
Robin throws the goblin at you! The goblin closely misses you.
Really attack while wielding your +0 hand crossbow?
Okay, then.
Fire: 47 bolts
Aim: a goblin, wielding a +0 club (56% to hit)
You shoot a bolt. The bolt barely misses the goblin.
Robin roars a battlecry!
The goblins go into a battle-frenzy!
The goblin hits you but does no damage. The goblin closely misses you.
You hear a shout!
You hear a shout!
Unknown command.
Fire: 46 bolts
Aim: a goblin, wielding a +0 club (strong, 56% to hit)
You shoot a bolt. The bolt hits the goblin.
The goblin is heavily wounded.
You hear a shout!
The goblin hits you with a +0 club.
You die...

Action                   |  1- 3 |  4- 6 || total
-------------------------+-------+-------++-------
Melee: Unarmed           |     7 |    23 ||    30
       Tailslap          |     1 |     1 ||     2
       Punch             |       |     1 ||     1
 Fire: Hand crossbow     |    98 |    63 ||   161
  Use: Potion            |       |     4 ||     4
Armor: Skin              |     8 |    30 ||    38
Dodge: Dodged            |    31 |    50 ||    81

Levels and vault maps discovered:
D:1:      roderic_crossed_star, layout_basic,
          shapermc_ecumenical_altar_mp_highgroup, minivault_4
D:2:      layout_basic, st_stairs_6, hex_tiny, minmay_octomino_c4, uniq_sigmund
D:3:      layout_rooms, gammafunk_ghost_necromancy
D:4:      minmay_clustersquares, layout_basic, gammafunk_ghost_grave,
          uniq_grinder, uniq_eustachio, uniq_robin, uniq_duvessa

Notes
Turn   | Place    | Note
-------+----------+-------------------------------------------
     0 | D:1      | sanka the Draconian Arcane Marksman began the quest for the
                  | Orb.
     0 | D:1      | Reached XP level 1. HP: 16/16 MP: 2/2
   375 | D:1      | Reached skill level 1 in Unarmed Combat
   393 | D:1      | Reached XP level 2. HP: 24/24 MP: 3/3
   440 | D:1      | Reached skill level 2 in Fighting
   472 | D:1      | Found a faded altar of an unknown god.
  1016 | D:1      | Reached XP level 3. HP: 30/30 MP: 4/4
  1270 | D:1      | Became a worshipper of Elyvilon the Healer
  1270 | D:1      | Reached * piety under Elyvilon
  1342 | D:2      | Reached skill level 2 in Unarmed Combat
  1406 | D:2      | Reached skill level 3 in Fighting
  1406 | D:2      | Reached XP level 4. HP: 26/38 MP: 5/5
  1837 | D:2      | Reached ** piety under Elyvilon
  1891 | D:2      | Noticed Sigmund
  2127 | D:2      | Killed Sigmund
  2128 | D:2      | Reached skill level 4 in Fighting
  2128 | D:2      | Reached skill level 3 in Unarmed Combat
  2128 | D:2      | Reached XP level 5. HP: 30/47 MP: 6/6
  2783 | D:3      | Found a runed translucent gate.
  2783 | D:3      | Found a runed translucent gate.
  2790 | D:3      | Found a runed translucent gate.
  2791 | D:3      | Noticed sanka's ghost (amateur DjFi)
  2845 | D:3      | Reached skill level 4 in Unarmed Combat
  2852 | D:3      | Reached XP level 6. HP: 49/53 MP: 7/7
  3372 | D:4      | Reached *** piety under Elyvilon
  3389 | D:4      | Noticed Robin
  3396 | D:4      | Identified 2 potions of resistance
  3396 | D:4      | HP: 4/55 [poisoned by a goblin]
  3399 | D:4      | Reached skill level 5 in Fighting
  3401 | D:4      | HP: 5/56 [poisoned by a goblin]
  3404 | D:4      | HP: 2/56 [poisoned by a goblin]
  3413 | D:4      | Slain by a goblin

Vanquished Creatures
  Sigmund (D:2)
  A centaur (D:4)
  2 hound skeletons
  3 gnolls (D:3)
  2 adders (D:2)
  A dart slug (D:2)
  5 ball pythons
  8 endoplasms
  3 giant cockroaches
  8 goblins
  6 hobgoblins
  7 jackals
  3 quokkas
  A ball python skeleton (D:2)
  6 bats
  4 frilled lizards
  10 kobolds
  7 rats
78 creatures vanquished.
